AoeStats
← Dagoberto III

Nomad

506201580Analyzed
2v2 RM · 20d ago on Sep 12, 2026· 38m 54s· 4 players
Game mode
Random Map
Map size
176×176
Population
200
Speed
Normal
Resources
Standard
Victory
Conquest
Starting age
Dark Age
Ending age
Imperial Age
RankedLock teamsTeams togetherTeam positionsShared explorationLock speedFull tech treeHidden civsTurbo modeCheats
Victory
Defeat
🇦🇹 Armenians · Austria
1095
+17
🇫🇷 Burgundians · France
1023
+19
🇩🇪 Persians · Germany
1109
-18
🇩🇪 Vietnamese · Germany
1103
-18
Wellen_Willi
13:00 Feudal Age
13:30 Double-Bit Axe
14:00 Horse Collar
15:29 Gold Mining
17:25 Loom
17:07 Man-at-Arms
17:55 Long Swordsman
22:35 Castle Age
21:45 Scale Mail Armor
23:52 Two-Handed Swordsman
27:33 Squires
28:22 Sanctity
28:27 Fervor
29:14 Pikeman
31:17 Redemption
31:44 Arson
33:16 Bow Saw
35:02 Chain Mail Armor
36:12 Elite Skirmisher
39:58 Wheelbarrow
Gen.LuneZ
8:20 Fishing Lines
9:42 Double-Bit Axe
12:02 Wheelbarrow
14:13 Feudal Age
14:15 Gold Mining
15:29 Bow Saw
17:07 Gold Shaft Mining
22:15 Castle Age
21:25 Scale Mail Armor
21:35 Forging
21:34 Scale Barding Armor
23:40 Medium Warships
22:57 Demolition Ship
25:12 Two-Man Saw
24:46 Light Cavalry
25:27 Husbandry
25:45 Fervor
26:47 Hand Cart
27:53 Iron Casting
27:09 Fletching
26:50 Cavalier
29:08 Stone Mining
29:40 Fishing Lines
30:44 Stone Shaft Mining
31:22 Gillnets
31:57 Horse Collar
33:19 Heavy Plow
38:37 Imperial Age
35:56 Loom
36:18 Burgundian Vineyards
37:38 Man-at-Arms
38:19 Squires
38:04 Arson
37:40 Pikeman
38:45 Paladin
38:46 Hussar
Mirte
4:34 Loom
12:59 Feudal Age
17:16 Castle Age
15:11 Fletching
17:05 Double-Bit Axe
18:40 Bow Saw
17:56 Crossbowman
20:55 Medium Warships
27:00 Padded Archer Armor
33:04 Light Cavalry
35:48 Scale Barding Armor
36:17 Bodkin Arrow
36:43 Bloodlines
Dagoberto III
4:51 Loom
14:52 Feudal Age
17:00 Double-Bit Axe
18:04 Fishing Lines
20:33 Castle Age
20:01 Fletching
21:34 Medium Warships
21:31 Bodkin Arrow
23:44 Gold Mining
24:18 Stone Mining
24:59 Bow Saw
25:48 Crossbowman
28:59 Ballistics
35:06 Thumb Ring
35:15 Horse Collar
36:44 Gillnets
37:34 Heavy Plow
39:25 Wheelbarrow
Connection lost

Rejoining the realm…

Still unreachable

The connection could not be restored.

Session expired

The server has moved on; the page needs a fresh start.